 Dungeon Crawl Stone Soup version 0.22-a0-348-gd16d139 (webtiles) character file.

51 xccam the Magician (level 3, 0/25 HPs)
             Began as a Gnoll Wanderer on Apr 7, 2018.
             Succumbed to an adder's poison
             ... on level 2 of the Dungeon.
             The game lasted 00:03:31 (1433 turns).

xccam the Magician (Gnoll Wanderer)                 Turns: 1433, Time: 00:03:32

Health: 0/25       AC:  6    Str: 16    XL:     3   Next: 83%
Magic:  11/11      EV: 10    Int: 14    God:
Gold:   96         SH:  0    Dex: 13    Spells: 16/16 levels left

rFire    + . .     SeeInvis .   (no weapon)
rCold    . . .     Gourm    .   (no shield)
rNeg     . . .     Faith    .   e - +0 ring mail
rPois    .         Spirit   .   (no helmet)
rElec    .         Reflect  .   (no cloak)
rCorr    .         Harm     .   (no gloves)
MR       .....                  (no boots)
Stlth    ++........             (no amulet)
HPRegen  0.08/turn              g - ring of stealth
MPRegen  0.12/turn              j - ring of protection from fire

@: lethally poisoned (0 -> -1)
A: distributed training, fangs 1, strong nose
a: no special abilities


You were on level 2 of the Dungeon.
You were very hungry.

You visited 1 branch of the dungeon, and saw 2 of its levels.

You collected 96 gold pieces.

Inventory:

Hand Weapons
 b - a +2 blowgun
 c - a +0 hand crossbow
Missiles
 a - a curare-tipped needle
 d - 13 bolts
 q - 10 stones (quivered)
Armour
 e - a +0 ring mail (worn)
Jewellery
 g - a ring of stealth (left hand)
 j - a ring of protection from fire (right hand)
 p - an uncursed ring of ice {unknown}
 r - a cursed ring of teleportation {unknown}
Scrolls
 i - a scroll of enchant weapon {unknown}
 k - 2 scrolls of teleportation {unknown}
 l - 2 scrolls of fog {unknown}
 m - 3 scrolls of identify {unknown}
 s - a scroll of random uselessness {unknown}
Potions
 h - 2 potions of curing {unknown}
 n - a potion of brilliance {unknown}
 o - a potion of mutation {unknown}
 t - a potion of lignification {unknown}
Comestibles
 f - 2 rations
 u - a chunk of flesh


   Skills:
 + Level 0.9 Fighting
 + Level 0.9 Short Blades
 + Level 0.9 Long Blades
 + Level 0.9 Axes
 + Level 0.9 Maces & Flails
 + Level 0.9 Polearms
 + Level 0.9 Staves
 + Level 0.9 Slings
 + Level 0.9 Bows
 + Level 2.6 Crossbows
 + Level 2.6 Throwing
 + Level 4.5 Armour
 + Level 0.9 Dodging
 + Level 0.9 Stealth
 + Level 0.9 Shields
 + Level 0.9 Unarmed Combat
 + Level 7.1 Spellcasting
 + Level 0.6 Conjurations
 + Level 0.6 Hexes
 + Level 0.6 Charms
 + Level 0.6 Summonings
 + Level 0.6 Necromancy
 + Level 0.6 Translocations
 + Level 0.6 Transmutations
 + Level 0.6 Fire Magic
 + Level 3.8 Ice Magic
 + Level 0.6 Air Magic
 + Level 0.6 Earth Magic
 + Level 0.6 Poison Magic
 + Level 1.0 Invocations
 + Level 2.6 Evocations


You had 16 spell levels left.
You didn't know any spells.

Dungeon Overview and Level Annotations

Branches:
Dungeon (2/15)

Altars:


Innate Abilities, Weirdness & Mutations

Your experience applies equally to all skills.
You have very sharp teeth.
Your uncanny sense of smell can sniff out nearby items.


Message History

You throw a stone. The stone barely misses the kobold.
You feel sick. The kobold hits you but does no damage.
Throwing (i - inventory)
q - 13 stones (quivered)
Press: ? - help, Shift-Dir - straight line, f/p - kobold
Aim: a kobold (heavily wounded)
You throw a stone. The stone completely misses the kobold.
The kobold hits you.
* * * LOW HITPOINT WARNING * * *
Throwing (i - inventory)
q - 12 stones (quivered)
Press: ? - help, Shift-Dir - straight line, f/p - kobold
Aim: a kobold (heavily wounded)
You throw a stone. The stone closely misses the kobold.
The kobold closely misses you.
Throwing (i - inventory)
q - 11 stones (quivered)
Press: ? - help, Shift-Dir - straight line, f/p - kobold
Aim: a kobold (heavily wounded)
You throw a stone.
The stone hits the kobold but does no damage.
The kobold is heavily wounded.
The kobold barely misses you.
You die...

..#..###.##..##.##..
#(.#.......#...'.##..
##..#.##.##.########..
((... #.##.#...####..
#..## #..............
##.. ####........... ..((
####......####.
######K####....#...#####.
........@...#....[......[
######........###########
##########


You could see a kobold.

Vanquished Creatures
  2 adders (D:2)
  A worm (D:2)
  3 leopard geckos (D:1)
  A bat (D:2)
  A giant cockroach (D:1)
  5 hobgoblins (D:1)
  3 jackals (D:1)
  3 kobolds (D:1)
  2 frilled lizards
  2 goblins
  2 rats (D:1)
25 creatures vanquished.

Notes
Turn   | Place    | Note
-------+----------+-------------------------------------------
     0 | D:1      | xccam the Gnoll Wanderer began the quest for the Orb.
     0 | D:1      | xccam set off with: a curare-tipped needle, a +2 blowgun, a +0 hand crossbow, 25 bolts, a +0 ring mail, a ration
     0 | D:1      | Reached XP level 1. HP: 13/13 MP: 8/8
   141 | D:1      | Reached XP level 2. HP: 19/19 MP: 10/10
   481 | D:1      | Reached XP level 3. HP: 25/25 MP: 11/11
  1050 | D:2      | Reached skill level 1 in Invocations
  1430 | D:2      | HP: 1/25 [kobold (3)]
  1433 | D:2      | Succumbed to an adder's poison

Vault maps used:
D:1:      matt_arrival_grand_opening
D:2:      kennysheep_nondescript, minmay_liquid_box, uniq_robin

Skill      XL: |  1  2  3 |
---------------+----------+-----
Invocations    | 1 |  1.0
Fighting       | |  0.9
Short Blades   | |  0.9
Long Blades    | |  0.9
Axes           | |  0.9
Maces & Flails | |  0.9
Polearms       | |  0.9
Staves         | |  0.9
Slings         | |  0.9
Bows           | |  0.9
Crossbows      | |  2.6
Throwing       | |  2.6
Armour         | |  4.5
Dodging        | |  0.9
Stealth        | |  0.9
Shields        | |  0.9
Unarmed Combat | |  0.9
Spellcasting   | |  7.1
Conjurations   | |  0.6
Hexes          | |  0.6
Charms         | |  0.6
Summonings     | |  0.6
Necromancy     | |  0.6
Translocations | |  0.6
Transmutations | |  0.6
Fire Magic     | |  0.6
Ice Magic      | |  3.8
Air Magic      | |  0.6
Earth Magic    | |  0.6
Poison Magic   | |  0.6
Evocations     | |  2.6

Action                   || total
-------------------------++-------
Melee: Unarmed           ||    29
       Bite              ||     2
 Fire: Hand crossbow     ||    52
Throw: Stone             ||    72
 Stab: Sleeping          ||     1
Armor: Ring mail         ||    27
Dodge: Dodged            ||    38

Table legend:
 A = Spawn XP
 B = Non-spawn XP
 C = Spawn XP percentage of total XP
 D = Spawn monster count
 E = Non-spawn monster count
 F = Spawn count percentage of total count
 G = Total turns spent on level
                    A         B        C        D         E        F      G
               +---------+---------+-------+---------+---------+-------+---------
         Total |       0 |      74 |   0.0 |       0 |      25 |   0.0 |  1433
               +---------+---------+-------+---------+---------+-------+---------
           D:1 |       0 |      36 |   0.0 |       0 |      19 |   0.0 |   681
           D:2 |       0 |      38 |   0.0 |       0 |       6 |   0.0 |   752
               +---------+---------+-------+---------+---------+-------+---------
